 Dungeon Crawl Stone Soup version 0.27.1-33-g824d729ab1 (webtiles) character file.

Game seed: 2654959231066628651

12181 boopmooplesden the Protected (level 11, -3/85 HPs)
             Began as a Minotaur Fighter on Dec 20, 2021.
             Was a Priest of Hepliaklqana.
             Slain by a vampire (4 damage)
             ... on level 11 of the Dungeon.
             The game lasted 00:17:24 (12740 turns).

boopmooplesden the Protected (Minotaur Fighter)    Turns: 12740, Time: 00:17:25

Health: -3/85      AC: 17    Str: 29    XL:     11   Next: 59%
Magic:  10/10      EV: 10    Int:  9    God:    Hepliaklqana [***...]
Gold:   704        SH: 21    Dex: 13    Spells: 10/10 levels left

rFire    . . .     SeeInvis .   v - +3 long sword (flame)
rCold    + . .     Faith    .   c - +3 kite shield
rNeg     + . .     Spirit   .   h - +3 chain mail {rC+}
rPois    .         Reflect  +   (helmet restricted)
rElec    .         Harm     .   (no cloak)
rCorr    +         Rampage  .   (no gloves)
Will     .....                  i - +0 pair of boots
Stlth    ..........             t - amulet of reflection
HPRegen  0.24/turn              H - ring of Ficammil {rN+ rCorr Str+6 Int+4 Dex-4}
MPRegen  0.12/turn              s - +6 ring of dexterity

@: studying Armour
A: reduced essence, horns 2, retaliatory headbutt
a: Renounce Religion, Recall Ancestor, Ancestor Identity, Transference


You were on level 11 of the Dungeon.
You worshipped Hepliaklqana.
Hepliaklqana was most pleased with you.
You visited 2 branches of the dungeon, and saw 12 of its levels.

You collected 704 gold pieces.

Inventory:

Hand Weapons
 a - a +3 long sword
 q - a +1 long sword of draining
 v - a +3 long sword of flaming (weapon)
Missiles
 m - 18 boomerangs (quivered)
 J - 3 throwing nets
Armour
 b - a +0 scale mail
 c - a +3 kite shield (worn)
 h - a +3 chain mail of cold resistance (worn)
 i - a +0 pair of boots (worn)
 D - the +3 scale mail of a wizard's laboratory {rCorr Str+4 Stlth-}
   (You found it on level 10 of the Dungeon)

   Str:       It affects your strength (+4).
   rCorr:     It protects you from acid and corrosion.
   Stlth:     It makes you less stealthy.
Jewellery
 s - a +6 ring of dexterity (right hand)
 t - an amulet of reflection (around neck)
 u - a +4 ring of evasion
 x - a +4 ring of protection
 y - a ring of protection from fire
 H - the ring of Ficammil (left hand) {rN+ rCorr Str+6 Int+4 Dex-4}
   (You found it on level 9 of the Dungeon)

   [ring of strength]

   Str:       It affects your strength (+6).
   Int:       It affects your intelligence (+4).
   Dex:       It affects your dexterity (-4).
   rN:        It protects you from negative energy.
   rCorr:     It protects you from acid and corrosion.
Wands
 g - a wand of flame (17)
 p - a wand of polymorph (9)
 w - a wand of digging (7)
 K - a wand of paralysis (8)
Scrolls
 d - 2 scrolls of teleportation
 f - 2 scrolls of fog
 k - a scroll of identify
 F - a scroll of fear
 G - a scroll of enchant armour
Potions
 e - 2 potions of haste
 j - a potion of lignification
 l - a potion of heal wounds
 o - 4 potions of curing
 r - a potion of experience
 z - a potion of resistance
 A - a potion of berserk rage {unknown}
 B - a potion of mutation
 C - 2 potions of degeneration
 E - a potion of ambrosia
 I - 3 potions of might


   Skills:
 + Level 8.4 Fighting
 + Level 12.3 Long Blades
 + Level 2.1 Throwing
 + Level 12.8 Armour
 + Level 4.6 Dodging
 + Level 2.1 Stealth
 + Level 11.4 Shields


You had 10 spell levels left.
You didn't know any spells.
Your spell library contained the following spells:

 Spells                   Type           Power      Damage    Failure   Level
 Summon Small Mammal      Summ           0%         N/A       93%         1
 Call Canine Familiar     Summ           0%         N/A       100%        3
 Conjure Flame            Conj/Fire      0%         6-21      100%        3
 Dazzling Flash           Conj/Hex       0%         N/A       100%        3
 Ignite Poison            Fire/Tmut/Pois 0%         N/A       100%        3
 Stone Arrow              Conj/Erth      0%         3d7       100%        3
 Summon Guardian Golem    Hex/Summ       0%         N/A       100%        3
 Iskenderun's Mystic Bla  Conj/Tloc      0%         2d3       100%        4
 Sticky Flame             Conj/Fire      0%         2d3       100%        4
 Summon Mana Viper        Hex/Summ       0%         N/A       100%        5
 Starburst                Conj/Fire      0%         6d3       100%        6
 Haunt                    Necr/Summ      0%         N/A       100%        7


Dungeon Overview and Level Annotations

Branches:
Dungeon (11/15)            Temple (1/1) D:5
   Lair: D:8-11         Orc: D:9-12

Altars:
Ashenzari
Cheibriados
Dithmenos
Elyvilon
Fedhas
Gozag
Hepliaklqana
Kikubaaqudgha
Makhleb
Nemelex Xobeh
Qazlal
Ru
Sif Muna
Trog
Uskayaw
Vehumet
Wu Jian
Xom
The Shining One

Shops:
D:2 ?!(?:   D:4 (   D:9 [

Annotations:
D:9 2 transporters, hilljack's ghost, journeyman GrVM


Innate Abilities, Weirdness & Mutations

Your life essence is reduced to manifest your ancestor. (-10% HP)
You have a pair of horns on your head.
You reflexively headbutt those who attack you in melee.


Message History

Tlalli hits something but does no damage.
You completely miss something.
Something barely misses Tlalli.
Something bites Tlalli.
Something hits you but does no damage. Something bites you.
* * * LOW HITPOINT WARNING * * *
Tlalli hits something with a +0 dagger of draining.
You hear some strange, mumbled words.
Tlalli resists with some effort.
Tlalli hits something but does no damage.
You miss something. Your headbutt misses something.
Something hits Tlalli!
Something bites Tlalli.
Something hits you.
* * * LOW HITPOINT WARNING * * *
Something bites you but does no damage.
Tlalli hits something but does no damage.
You bump into the rock wall.
Something barely misses Tlalli.
Something bites Tlalli.
Something hits you.
* * * LOW HITPOINT WARNING * * *
Something bites you but does no damage.
Tlalli gestures at something while chanting.
You bump into the rock wall.
Something hits Tlalli.
Something bites Tlalli.
Something hits you.
* * * LOW HITPOINT WARNING * * *
Something bites you but does no damage.
Tlalli hits something but does no damage.
You completely miss something.
Something hits Tlalli!
Something bites Tlalli.
Tlalli is destroyed!
Something hits you but does no damage. Something bites you but does no damage.
You miss something. Your headbutt misses something.
Something hits you but does no damage. Something bites you!
* * * LOW HITPOINT WARNING * * *
You slash something! You burn something. Your headbutt misses something.
You feel less confused. Something draws life force from you.
* * * LOW HITPOINT WARNING * * *
You slash something! You burn something. You headbutt something.
Reactivating autopickup.
You feel a bit more experienced. Something hits you but does no damage.
Deactivating autopickup; reactivate with Ctrl-A.
Something bites you.
You die...

##.###### #........#
#.......#### #........#
#..........# #........#
#[......##.# #........#
.#.......##.# #........#
.........##.#####........#
#.......##..†..#........#
#.......######.#.........
#.......# #.@........#
#.......# ###........#
######.## #........# #..#
###.###### ###'#### .#
#......# .. #......# ...
#......# ... ## #......##
...


There were no monsters in sight!

Vanquished Creatures
  3 two-headed ogres
  An ugly thing (D:10)
  An unseen horror (D:10)
  A komodo dragon (D:11)
  2 shadows (D:11)
  7 yaks
  A vampire (D:11)
  2 steam dragons
  Edmund (D:5)
  An acid dragon (D:10)
  A water moccasin (D:7)
  3 sky beasts
  2 orc warriors
  3 ice beasts
  A swamp drake (D:11)
  4 ogres
  A centaur (D:9)
  A phantom (D:5)
  The ghost of JamezByez the Digger, an amateur DEEE of Wu Jian (D:3)
  2 bullfrogs
  A gnoll sergeant (D:10)
  3 wyvern zombies
  2 scorpions
  3 wights (D:10)
  A vampire bat (D:3)
  3 howler monkeys (D:10)
  A centaur zombie (D:7)
  3 hounds
  4 jellies
  8 orc priests
  2 bullfrog skeletons
  2 gnoll shamans
  Ijyb (D:3)
  2 iguanas
  7 orc wizards
  A killer bee zombie (D:5)
  A hound zombie (D:5)
  2 howler monkey zombies
  13 gnolls
  A howler monkey skeleton (D:7)
  6 adders
  A river rat (D:3)
  3 shadow imps
  A white imp (D:6)
  2 ufetubi
  An adder zombie (D:5)
  An adder skeleton (D:4)
  5 worms
  5 dart slugs
  3 fire bats (D:3)
  37 orcs
  2 spectral bats (D:3)
  4 ball pythons
  3 bat skeletons (D:3)
  A bat zombie (D:3)
  15 endoplasms
  3 giant cockroaches
  9 goblins
  7 hobgoblins
  A quokka (D:4)
  14 bats
  A bat simulacrum (D:3)
  A frilled lizard (D:2)
  19 kobolds
  11 rats
256 creatures vanquished.

Vanquished Creatures (collateral kills)
  Harold (D:9)
  2 two-headed ogres
  A hornet (D:9)
  4 yaks
  A steam dragon (D:8)
  An acid dragon (D:10)
  An ogre (D:6)
  2 centaurs (D:7)
  A kobold brigand (D:8)
  2 orc priests
  An orc wizard (D:8)
  A gnoll (D:7)
  An orc (D:11)
  A kobold (D:8)
20 creatures vanquished.

Vanquished Creatures (others)
  A hydra (D:11)
  An ogre (D:11)
  3 hexers
  2 orcs (D:11)
  3 fungi (D:4)
  6 toadstools (D:4)
16 creatures vanquished.

Grand Total: 292 creatures vanquished

Notes
Turn   | Place    | Note
-------+----------+-------------------------------------------
     0 | D:1      | boopmooplesden the Minotaur Fighter began the quest for the
                  | Orb.
     0 | D:1      | Reached XP level 1. HP: 19/19 MP: 0/0
   292 | D:1      | Reached XP level 2. HP: 27/27 MP: 1/1
   434 | D:1      | Found a faded altar of an unknown god.
   763 | D:2      | Found a white marble altar of Elyvilon.
   769 | D:2      | Found Xaliofik's Magic Scroll Emporium.
  1013 | D:2      | Found Hoconl Kuda's Weapon Shop.
  1036 | D:2      | Found Wiaridd's Magic Scroll Shoppe.
  1045 | D:2      | Reached XP level 3. HP: 33/33 MP: 2/2
  1189 | D:2      | Found Saipt's Book Boutique.
  1317 | D:2      | Found Fousad's Distillery.
  1939 | D:3      | Noticed Ijyb
  1956 | D:3      | HP: 1/33 [frozen (4)]
  1962 | D:3      | Reached XP level 4. HP: 13/40 MP: 3/3
  1993 | D:3      | Noticed JamezByez's ghost (amateur DEEE)
  2333 | D:3      | Killed Ijyb
  2361 | D:3      | Found a runed translucent gate.
  2361 | D:3      | Found a runed translucent gate.
  2363 | D:3      | Found a runed translucent gate.
  2385 | D:3      | Reached skill level 1 in Dodging
  2433 | D:3      | Reached XP level 5. HP: 13/46 MP: 4/4
  2988 | D:3      | Reached skill level 5 in Long Blades
  2991 | D:3      | Reached XP level 6. HP: 49/53 MP: 5/5
  3111 | D:3      | Reached skill level 5 in Armour
  3303 | D:3      | Killed JamezByez's ghost
  3304 | D:3      | Reached skill level 5 in Shields
  3659 | D:4      | Reached XP level 7. HP: 60/60 MP: 6/6
  3825 | D:4      | Got the Guide on Earth and the Entourage
  3878 | D:4      | Found a broken altar of Ashenzari.
  4562 | D:4      | Found Mish's Antique Weapon Emporium.
  4597 | D:4      | Reached skill level 5 in Fighting
  4867 | D:5      | Entered Level 5 of the Dungeon
  4908 | D:5      | Noticed Edmund
  4923 | D:5      | Killed Edmund
  5096 | D:5      | Found a staircase to the Ecumenical Temple.
  5144 | Temple   | Entered the Ecumenical Temple
  5152 | Temple   | Became a worshipper of Hepliaklqana the Forgotten
  5310 | D:5      | Found a sacrificial altar of Ru.
  5338 | D:5      | Reached XP level 8. HP: 60/68 MP: 7/7
  6646 | D:6      | Found a radiant altar of Vehumet.
  7043 | D:6      | Reached * piety under Hepliaklqana
  7678 | D:6      | Found a shimmering blue altar of Sif Muna.
  7735 | D:6      | Noticed a two-headed ogre
  7742 | D:6      | Killed a two-headed ogre
  7743 | D:6      | Reached XP level 9. HP: 24/67 MP: 8/8
  8493 | D:7      | Reached skill level 10 in Long Blades
  8498 | D:7      | Reached skill level 1 in Stealth
  9055 | D:7      | Identified 2 scrolls of acquirement
  9055 | D:7      | Acquired a +1 long sword of flaming
  9056 | D:7      | Acquired a manual of Armour
  9252 | D:8      | Reached XP level 10. HP: 58/77 MP: 9/9
  9345 | D:8      | Found a white marble altar of Elyvilon.
  9506 | D:8      | Reached skill level 10 in Armour
  9813 | D:8      | Reached ** piety under Hepliaklqana
  9814 | D:8      | Remembered your ancestor Tlalli as a hexer
  9888 | D:8      | Found an opulent altar of Gozag.
 10250 | D:9      | Found a transporter.
 10256 | D:9      | Found a transporter.
 10256 | D:9      | Noticed hilljack's ghost (journeyman GrVM)
 10528 | D:9      | Identified the ring of Ficammil {rN+ rCorr Str+6 Int+4
                  | Dex-4}
 10979 | D:9      | Found Kywob's Antique Armour Emporium.
 11050 | D:9      | Noticed a two-headed ogre
 11056 | D:9      | Killed a two-headed ogre
 11163 | D:9      | Noticed Harold
 11172 | D:9      | Killed Harold
 11205 | D:9      | Reached *** piety under Hepliaklqana
 11578 | D:10     | Entered Level 10 of the Dungeon
 11634 | D:10     | Reached skill level 1 in Throwing
 11796 | D:10     | Noticed a two-headed ogre
 11797 | D:10     | Reached skill level 10 in Shields
 11805 | D:10     | Killed a two-headed ogre
 11806 | D:10     | Reached XP level 11. HP: 84/84 MP: 10/10
 11823 | D:10     | Noticed a stone giant
 11883 | D:10     | Noticed a white ugly thing
 11891 | D:10     | Killed a white ugly thing
 11893 | D:10     | Noticed a two-headed ogre
 11904 | D:10     | Killed a two-headed ogre
 12496 | D:10     | Identified the +3 scale mail of a wizard's laboratory
                  | {rCorr Str+4 Stlth-}
 12537 | D:11     | Noticed a two-headed ogre
 12539 | D:11     | Noticed a five-headed hydra
 12543 | D:11     | Killed a two-headed ogre
 12556 | D:11     | Killed a one-headed hydra
 12738 | D:11     | HP: 2/85 [something (11)]
 12740 | D:11     | Slain by a vampire

Illustrated notes

Levels and vault maps discovered:
D:1:      ebering_trefoil_3fold, layout_loops_ring,
          shapermc_ecumenical_altar_mp_ritualfount
D:2:      layout_basic, serial_shops, shop, shop_fountains,
          nicolae_shop_behind_doors, shop, shop, basic_altar
D:3:      layout_basic, gammafunk_ghost_split, portal_sewer_entry_e,
          goddamned_bats, uniq_ijyb
D:4:      cheibrodos_fertilizer, layout_loops_corners,
          nicolae_ashenzari_skybound, serial_shops, shop, hex_medium
D:5:      layout_basic, nicolae_ru_awakened_eye, minmay_temple_entry_nine_rooms,
          minmay_starry_boxes, uniq_edmund
D:6:      layout_rooms, nicolae_vehumet_altar_sigil, led_sif_pool, st_stairs_8,
          kennysheep_pointless_box, nrook_pool_corridor,
          hangedman_abyss_or_decor_stagger, hangedman_minor_gate_pass
D:7:      layout_loops_ring, minmay_misc_feat_cross
D:8:      layout_loops_ring, grunt_gozag_breadcrumbs, lemuel_round_altar
D:9:      layout_layer_cave, serial_shops, shop, gammafunk_ghost_mausoleum,
          uniq_harold
D:10:     layout_layer_cave, wad_dig_loot
D:11:     layout_roguey, david_lair_generic, erik_orc_1
Temple:   nicolae_temple_x_marks_the_god

Skill      XL: |  1  2  3  4  5  6  7  8  9 10 11 |
---------------+----------------------------------+-----
Fighting       | 4 5 6 7 8 |  8.4
Armour         | 4 5 6 8 9 11 12 | 12.8
Shields        | 4 5 7 8 10 11 | 11.4
Long Blades    | 3 4 5 6 7 9 10 11 12 | 12.3
Dodging        | 1 2 3 4 |  4.6
Stealth        | 1 2 |  2.1
Throwing       | 1 2 |  2.1

Action                   |  1- 3 |  4- 6 |  7- 9 | 10-12 || total
-------------------------+-------+-------+-------+-------++-------
Melee: Long sword        |    56 |   144 |   343 |   218 ||   761
       Headbutt          |    10 |    25 |    65 |    77 ||   177
       Unarmed           |     1 |     8 |       |       ||     9
Throw: Boomerang         |       |     1 |       |     9 ||    10
Invok: Ancestor Life: He |       |       |       |     1 ||     1
  Use: Scroll            |     4 |     2 |     9 |    12 ||    27
       Potion            |     1 |     2 |       |     1 ||     4
 Stab: Distracted        |       |       |     1 |     3 ||     4
Armor: Scale mail        |    22 |    63 |    36 |       ||   121
       Skin              |    10 |     1 |       |       ||    11
       Chain mail        |       |       |   108 |    70 ||   178
Dodge: Dodged            |    48 |    66 |    93 |    40 ||   247
Block: Kite shield       |    27 |    76 |   187 |   196 ||   486
       Reflection        |       |       |     1 |     5 ||     6
       Rpst.: Long sword |     9 |    16 |    19 |     7 ||    51
